 Dungeon Crawl Stone Soup version 0.14-a0-1546-g4b4961f (webtiles) character file.

124 Piginabag the Insei (level 4, 0/28 HPs)
             Began as an Octopode Transmuter on Dec 18, 2013.
             Slain by an adder (2 damage)
             ... while paralysed by a potion of paralysis
             ... on Level 4 of the Dungeon.
             The game lasted 00:16:05 (3212 turns).

Piginabag the Insei (Octopode Transmuter)           Turns: 3212, Time: 00:16:05

HP   0/28        AC  1     Str 10      XL: 4   Next: 63%
MP   8/8         EV  2     Int 15      God:
Gold 30          SH  0     Dex 12      Spells:  1 memorised,  6 levels left

rFire  . . .     SeeInvis .     j - +1,+0 spear
rCold  . . .     Clarity  .     (no shield)
rNeg   . . .     Conserve .     (helmet restricted)
rPois  .         rCorr    .     (no amulet)
rElec  .         rRot     .     (no ring)
SustAb . .       Spirit   .     (no ring)
rMut   .         Warding  .     (no ring)
Saprov . . .     Stasis   .     (no ring)
                                (no ring)
                                (no ring)
                                (no ring)
                                (no ring)

@: paralysed, mildly poisoned, slightly resistant to hostile enchantments,
stealthy
A: almost no armour, amphibious, 8 rings, constrict 8, camouflage 1, gelatinous
body 1
a: no special abilities


You were on level 4 of the Dungeon.
You were not hungry.

You visited 1 branch of the dungeon, and saw 4 of its levels.

You collected 30 gold pieces.

Inventory:

Hand weapons
 j - a +1,+0 spear (weapon)
Missiles
 b - 12 arrows
Comestibles
 a - a bread ration
Scrolls
 f - 3 scrolls of remove curse {unknown}
 g - a scroll of recharging {unknown}
 h - a scroll of teleportation {unknown}
 k - a scroll of identify {unknown}
 l - a scroll of magic mapping {unknown}
 m - a scroll of blinking {unknown}
Potions
 c - a potion of might {unknown}
 i - a potion of curing {unknown}
 n - a potion of flight {unknown}
Books
 d - a book of Changes

   Spells                             Type                      Level
   *Beastly Appendage                 Transmutation                1
   Sticks to Snakes                   Transmutation                2
   Spider Form                        Transmutation/Poison         3
   Ice Form                           Ice/Transmutation            4
   Blade Hands                        Transmutation                5


   Skills:
 + Level 1.3 Fighting
 + Level 2.9 Dodging
 + Level 2.0 Stealth
 + Level 3.8 Unarmed Combat
 + Level 2.3 Spellcasting
 + Level 2.4 Transmutations


You had 6 spell levels left.
You knew the following spells:

 Your Spells              Type           Power        Failure   Level  Hunger
a - Beastly Appendage     Trmt           #.....       12%         1    #......


Dungeon Overview and Level Annotations

Branches:
Dungeon (4/16)
 Temple: D:4-7

Altars:
Elyvilon
Xom

Annotations:
D:3 Ijyb


Innate Abilities, Weirdness & Mutations

You cannot wear most types of armour.
You are amphibious.
You can wear up to eight rings at the same time.
You can use your tentacles to constrict many enemies at once.
Your skin changes colour to match your surroundings (Stlth).
Your rubbery body absorbs attacks (AC +1).


Message History

The adder poisons you!
You climb downwards.
Found a pear.
There is a stone staircase leading up here.
You closely miss the adder. Your grab misses the adder.
* * * LOW HITPOINT WARNING * * *
You feel sick.
You feel a little better. The adder bites you.
* * * LOW HITPOINT WARNING * * *
The adder completely misses you.
You hit the adder. You grab the adder. Your squeeze misses the adder.
The adder is heavily wounded.
* * * LOW HITPOINT WARNING * * *
You feel sick.
You constrict the adder. The adder bites you.
* * * LOW HITPOINT WARNING * * *
Drink which item? (? for menu, Esc to quit)
You suddenly lose the ability to move!
You lose your grip on the adder.
It was a potion of paralysis.
The adder bites you.
You die...

. %
.#.
#..
#.#
#.#
#.#
#.#
#S#
#@#
###


You could see an adder.

Vanquished Creatures
  A gnoll (D:2)
  3 adders (D:2)
  2 giant geckos
  6 oozes
  A ball python (D:1)
  4 goblins
  4 hobgoblins (D:2)
  4 jackals (D:1)
  4 bats (D:1)
  4 giant cockroaches (D:2)
  2 giant newts (D:1)
  6 kobolds
  9 rats
50 creatures vanquished.

Notes
Turn   | Place    | Note
--------------------------------------------------------------
     0 | D:1      | Piginabag, the Octopode Transmuter, began the quest for the Orb.
     0 | D:1      | Reached XP level 1. HP: 13/13 MP: 3/3
   345 | D:1      | Reached XP level 2. HP: 13/18 MP: 4/4
   857 | D:1      | Reached XP level 3. HP: 23/23 MP: 6/6
  1056 | D:2      | Reached skill level 1 in Stealth
  1819 | D:2      | Reached XP level 4. HP: 9/28 MP: 5/7
  1892 | D:2      | Found a white marble altar of Elyvilon.
  1892 | D:2      | Found a shimmering altar of Xom.
  3165 | D:3      | Noticed Ijyb
  3211 | D:4      | HP: 1/28 [adder (3)]
  3212 | D:4      | Paralysed by a potion of paralysis for 4 turns
  3212 | D:4      | Slain by an adder

Action                   |  1- 3 |  4- 6 || total
-------------------------+-------+-------++-------
Melee: Unarmed           |    83 |    16 ||    99
       Spear             |       |    36 ||    36
 Cast: Beastly Appendage |    12 |     2 ||    14
  Use: Potion            |       |     2 ||     2
 Stab: Sleeping          |     4 |     2 ||     6
       Distracted        |     1 |       ||     1
